[Event "FIDE World Rapid-ch Open 2018"]
[White "Al Thebaiti, Ahmed M"]
[Black "Pogosyan, Stefan"]
[Site "St. Petersburg"]
[Round "4.98"]
[Annotator "NA"]
[Result "0-1"]
[Date "2018.12.26"]
[WhiteElo "1976"]
[BlackElo "2365"]
[PlyCount "118"]
[TimeControl "900+10"]

1. d4 Nf6 2. Bf4 d5 3. e3 c5 4. Nc3 g6 5. Nb5 Na6 6. c3 Bg7 7. Nf3 0-0 8. Be2 Bd7 9. a4 Nh5 10. Bg5 h6 11. Bh4 cxd4 12. Nfxd4 Nf6 13. 0-0 Nc5 14. Nb3 Nce4 15. f3 Ng5 16. Bg3 Ne6 17. a5 Bxb5 18. Bxb5 a6 19. Bd3 Rc8 20. Bf2 Nc5 21. Bc2 e6 22. Qd2 Nxb3 23. Bxb3 Rc5 24. c4 dxc4 25. Qxd8 Rxd8 26. e4 Rcc8 27. Ba2 Rc6 28. Rfd1 Rdc8 29. Bb6 Nh5 30. Rab1 Nf4 31. Rd2 h5 32. g3 Nd3 33. Bxc4 Nxb2 34. Bb3 Nc4 35. Bxc4 Rxc4 36. Rbd1 Bf6 37. Rd7 Rc2 38. e5 Bxe5 39. Rd8+ Rxd8 40. Rxd8+ Kg7 41. Rd7 Rb2 42. Rxb7 h4 43. f4 Bc3 44. Ra7 h3 45. Rc7 Bf6 46. g4 Rg2+ 47. Kh1 Rxg4 48. Bf2 Rxf4 49. Kg1 Ra4 50. Bb6 Be5 51. Rc2 Kh7 52. Bd8 Rg4+ 53. Kf1 Rd4 54. Bb6 Rd1+ 55. Ke2 Rh1 56. Kf3 Rxh2 57. Rc8 Ra2 58. Rc1 h2 59. Rh1 f5 0-1

[Event "FIDE World Rapid-ch Open 2018"]
[White "khayat, Abdullah F"]
[Black "Guimaraes, Diogo Duarte"]
[Site "St. Petersburg"]
[Round "4.99"]
[Annotator "NA"]
[Result "0-1"]
[Date "2018.12.26"]
[WhiteElo "1723"]
[BlackElo "2278"]
[PlyCount "156"]
[TimeControl "900+10"]

1. Nf3 Nf6 2. g3 d5 3. d4 Bf5 4. Bg2 e6 5. c3 h6 6. 0-0 Be7 7. Re1 0-0 8. Qb3 Qc8 9. Nbd2 c5 10. e3 Nc6 11. a4 Ne4 12. Nxe4 Bxe4 13. Nd2 Bxg2 14. Kxg2 f5 15. f4 c4 16. Qd1 Na5 17. b4 cxb3 18. Nxb3 Qxc3 19. Bd2 Qxb3 20. Bxa5 Qxd1 21. Rexd1 Rfc8 22. Rdc1 Kf7 23. Kf3 h5 24. h3 Ke8 25. Ke2 Kd7 26. Kd3 b6 27. Bd2 Rc6 28. Rxc6 Kxc6 29. Rc1+ Kb7 30. a5 b5 31. h4 Rc8 32. a6+ Kb8 33. Rb1 Rc6 34. Rxb5+ Rb6 35. Ra5 Rb2 36. Bc3 Rb1 37. Kc2 Rb6 38. Ra2 Bb4 39. Bxb4 Rxb4 40. Kc3 Rb1 41. Ra3 Kc7 42. Kd3 Kb6 43. Kc3 Rg1 44. Rb3+ Kxa6 45. Ra3+ Kb6 46. Rb3+ Kc7 47. Ra3 Rxg3 48. Rxa7+ Kb6 49. Re7 Rxe3+ 50. Kd2 Re4 51. Kd3 Kc6 52. Rxg7 Rxf4 53. Ra7 Rxh4 54. Ra6+ Kd7 55. Ra7+ Kd6 56. Ra6+ Ke7 57. Ra7+ Kf6 58. Ra8 Rh3+ 59. Ke2 Rh4 60. Ke3 Re4+ 61. Kd3 Kg5 62. Rg8+ Kh4 63. Rg1 f4 64. Rh1+ Kg5 65. Rg1+ Kh6 66. Rg8 h4 67. Rh8+ Kg5 68. Rg8+ Kh5 69. Rh8+ Kg4 70. Rg8+ Kh3 71. Kd2 f3 72. Rf8 Kg2 73. Rg8+ Kf1 74. Rh8 f2 75. Rg8 Rxd4+ 76. Ke3 Re4+ 77. Kf3 Ke1 78. Rg1+ fxg1=N+ 0-1

[Event "FIDE World Rapid-ch Open 2018"]
[White "Al Turky, Fahad A"]
[Black "Dubrovin, Robert"]
[Site "St. Petersburg"]
[Round "4.100"]
[Annotator "NA"]
[Result "0-1"]
[Date "2018.12.26"]
[WhiteElo "1836"]
[BlackElo "2220"]
[PlyCount "71"]
[TimeControl "900+10"]

1. e4 e6 2. d4 d5 3. exd5 exd5 4. Nf3 c5 5. Bb5+ Nc6 6. 0-0 Nf6 7. Bg5 Be7 8. Ne5 Qb6 9. Bxc6+ bxc6 10. dxc5 Qxc5 11. Nd2 0-0 12. Nb3 Qb6 13. c4 Be6 14. cxd5 cxd5 15. Nd4 Bg4 16. Qd3 Bh5 17. Nf5 Rfe8 18. Nxe7+ Rxe7 19. Bxf6 Qxf6 20. Qxd5 Rc8 21. Nd7 Qh4 22. Rfe1 Bg4 23. Rxe7 Qxe7 24. Ne5 Be6 25. Qa5 Qg5 26. Re1 f6 27. Qa6 Re8 28. Nf3 Qd5 29. Qxa7 h5 30. Nd4 Bf7 31. Rxe8+ Bxe8 32. h3 Bg6 33. a4 Qa2 34. Qb8+ Kh7 35. Qb7 Qxa4 36. Qb3 0-1

[Event "FIDE World Rapid-ch Open 2018"]
[White "Alsulaymi, Abdullah M"]
[Black "Perdomo, Carlos Andres"]
[Site "St. Petersburg"]
[Round "4.101"]
[Annotator "NA"]
[Result "0-1"]
[Date "2018.12.26"]
[WhiteElo "1833"]
[BlackElo "2301"]
[PlyCount "64"]
[TimeControl "900+10"]

1. e4 c5 2. b4 b6 3. bxc5 bxc5 4. Nf3 Bb7 5. Nc3 Nc6 6. Bc4 e6 7. 0-0 Na5 8. Bb5 Nf6 9. d3 Be7 10. Rb1 0-0 11. Bf4 d5 12. exd5 exd5 13. Re1 d4 14. Ne4 Bd5 15. Qd2 Nc6 16. c4 dxc3 17. Nxc3 Bxf3 18. gxf3 Nd4 19. Kg2 Nh5 20. Bc4 Bd6 21. Bg5 Qd7 22. Ne4 Kh8 23. Nxd6 Qxd6 24. Be7 Qc6 25. Re4 Nxf3 26. Kxf3 f5 27. Bxf8 Rxf8 28. Rg1 fxe4+ 29. Ke2 Nf4+ 30. Kd1 exd3 31. Re1 Qa4+ 32. Bb3 Qd4 0-1